 Dungeon Crawl Stone Soup version 0.31-a0-182-gc5ef74bbde (webtiles) character file.

Game seed: 18307945979173125387

189 TittyCrusher the Changer (level 5, -1/33 HPs)
             Began as an Octopode Transmuter on June 22, 2023.
             Slain by an orc warrior
             ... wielding a +0 flail
              (17 damage)
             ... on level 4 of the Dungeon.
             The game lasted 00:07:08 (3589 turns).

TittyCrusher the Changer (Octopode Transmuter)      Turns: 3589, Time: 00:07:09

Health: -1/33      AC:  2    Str: 12    XL:     5   Next: 68%
Magic:  6/8        EV: 19    Int: 15    God:
Gold:   163        SH:  0    Dex: 17    Spells: 2/8 levels left

rFire   . . .        a - melded +3 whip
rCold   . . .        (shield currently unavailable)
rNeg    . . .        (helmet currently unavailable)
rPois   x            (no amulet)
rElec   .            (no ring)
rCorr   .            (no ring)
SInv    .            (no ring)
Will    .....        (no ring)
Stlth   ++           (no ring)
HPRegen 0.25/turn    (no ring)
MPRegen 0.11/turn    (no ring)
                     (no ring)

%: no passive effects
@: spider-form
A: venomous fangs, almost no armour, (amphibious), 8 rings, tiny, (camouflage
1), (gelatinous body 1), (nimble swimmer 1), (tentacles)
a: End Transformation


You were on level 4 of the Dungeon.
You were a venomous arachnid creature.
You visited 1 branch of the dungeon, and saw 4 of its levels.

You collected 163 gold pieces.

Inventory:

Hand Weapons
 a - a +3 whip (melded)
 r - a +0 spear
Missiles
 j - 21 stones
 o - 4 poisoned darts (quivered)
Scrolls
 c - a scroll of enchant weapon {unknown}
 e - a scroll of enchant armour {unknown}
 f - a scroll of vulnerability {unknown}
 g - a scroll of blinking {unknown}
 i - 2 scrolls of teleportation {unknown}
 k - a scroll of poison {unknown}
 l - a scroll of brand weapon {unknown}
Potions
 b - 3 potions of lignification
 d - a potion of brilliance
 h - 2 potions of curing
 m - 2 potions of enlightenment
 n - a potion of mutation
 p - 3 potions of resistance {unknown}
 q - a potion of berserk rage {unknown}


   Skills:
 - Level 1.0 Fighting
 - Level 2.0 Dodging
 - Level 3.0 Unarmed Combat
 - Level 2.0 Spellcasting
 * Level 4.3 Transmutations
 + Level 4.1 Poison Magic


You had 2 spell levels left.
You knew the following spells:

 Your Spells              Type           Power      Damage    Failure   Level
a - Beastly Appendage     Tmut           28%        N/A       12%         1
b - Wereblood             Tmut           14%        N/A       16%         2
c - Spider Form           Tmut/Pois      14%        N/A       28%         3

Your spell library contained the following spells:

 Spells                   Type           Power      Damage    Failure   Level
 Ice Form                 Ice/Tmut       8%         N/A       83%         4


Dungeon Overview and Level Annotations

Branches:
Dungeon (4/15)
 Temple: D:4-7

Altars:
Qazlal

Shops:
D:1 (


Innate Abilities, Weirdness & Mutations

You are a venomous arachnid creature.
You have venomous fangs.
You are tiny and dextrous.
Your spellcasting is less reliable in this form.
Your armour is entirely melded.
You are incapable of wielding weapons or throwing items.
You cannot wear most types of armour.
((You are amphibious.))
You can wear up to eight rings at the same time.
((Your skin changes colour to match your surroundings (Stealth+).))
((Your rubbery body absorbs attacks. (AC +1, EV +1)))
((You are camouflaged when in or above water. (Stealth+)))
((You have tentacles for arms and can constrict up to eight enemies at once.))


Message History

Your transformation is almost over.
An orc warrior comes into view. It is wielding a +0 flail.
Things that are here:
a +0 trident; a dart slug corpse An orc comes into view.
It is wielding a +0 whip.
Casting: Beastly Appendage (safe; 3% risk of failure)
Confirm with . or Enter, or press ? or * to list all spells.
The spell is quite dangerous to miscast (12% risk of failure)!
Continue anyway?
Your tentacle spike disappears.
You turn into a venomous arachnid creature.
Your +3 whip melds into your body.
The orc warrior shouts!
Unknown command.
Unknown command.
An orc comes into view. It is wielding a +3 dagger.
The orc shouts!
The orc shouts!
You hit the orc warrior but do no damage.
An orc comes into view. It is wielding a +0 dagger.
The orc warrior misses you.
The orc shouts!
You hit the orc warrior but do no damage.
The orc warrior is poisoned.
The orc warrior hits you with a +0 flail!
You barely miss the orc warrior. The orc warrior closely misses you.
You hit the orc warrior but do no damage.
The orc warrior looks as sick as possible!
The orc warrior is lightly wounded.
The orc warrior hits you with a +0 flail.
You are too injured to fight recklessly!
You hit the orc warrior.
The orc warrior looks as sick as possible!
The orc warrior is heavily wounded.
The orc warrior closely misses you.
You bite the orc warrior!
The orc warrior looks as sick as possible!
The orc warrior is almost dead.
The orc warrior hits you with a +0 flail!
Ouch! That really hurt!
You die...

### .. # . .. .#.. #. ....
##. ..# # #.## .#
###.o####).# ##
...[ooos.#.###
#################.#...#
..........# #.###.#
......###.# #.....#
......'.#.# ####..#
......#.#.####### #..####
......#.#.......# #.....#
..#.....#.......# #...#.#
..#.##..........####...#.#


You could see an orc warrior (extremely poisoned) and 3 orcs.

Vanquished Creatures
  A hound (D:4)
  6 gnolls
  2 worms
  4 dart slugs
  3 orcs (D:3)
  13 bats
  7 endoplasms
  A giant cockroach (D:4)
  6 goblins
  10 hobgoblins
  2 jackals (D:3)
  10 kobolds
  2 quokkas
  5 ball pythons
  3 frilled lizards
  4 rats
79 creatures vanquished.

Notes
Turn   | Place    | Note
-------+----------+-------------------------------------------
     0 | D:1      | TittyCrusher the Octopode Transmuter began the quest for
                  | the Orb.
     0 | D:1      | Reached XP level 1. HP: 13/13 MP: 3/3
    12 | D:1      | Found Cuh Buf's Weapon Shoppe.
   131 | D:1      | Reached XP level 2. HP: 18/18 MP: 3/5
   134 | D:1      | Learned a level 2 spell: Wereblood
   956 | D:2      | Reached XP level 3. HP: 23/23 MP: 6/6
   960 | D:2      | Learned a level 3 spell: Spider Form
   982 | D:2      | Found a faded altar of an unknown god.
  1129 | D:2      | Reached skill level 1 in Poison Magic
  1521 | D:2      | Reached XP level 4. HP: 19/28 MP: 5/7
  2532 | D:3      | Found a stormy altar of Qazlal.
  3339 | D:4      | Reached XP level 5. HP: 27/33 MP: 6/8
  3577 | D:4      | Noticed an orc warrior
  3589 | D:4      | Slain by an orc warrior

Illustrated notes

Levels and vault maps discovered:
D:1:      eino_arrival_druids_welcome, layout_basic, serial_shops,
          nicolae_shop_tiny_statue_garden, grunt_decor_fettered
D:2:      layout_loops_corners, shapermc_ecumenical_altar_flowoftime,
          serial_rivers, chequers_serial_rivers_small_b,
          chequers_serial_rivers_micro_b, chequers_serial_rivers_micro_c,
          chequers_serial_rivers_small_b, chequers_serial_rivers_large_a
D:3:      layout_basic, mainiacjoe_overflow_alcove_2
D:4:      layout_basic, interstate_on_off, minmay_manual_mandibuliform

Skill      XL: |  1  2  3  4  5 |
---------------+----------------+-----
Transmutations | 3 4 |  4.3
Poison Magic   | 2 3 4 |  4.1
Fighting       | |  1.0
Dodging        | |  2.0
Unarmed Combat | |  3.0
Spellcasting   | |  2.0

Action                     |  1- 3 |  4- 6 || total
---------------------------+-------+-------++-------
  Melee: Unarmed           |    78 |    31 ||   109
         Constrict         |    18 |    18 ||    36
         Kick              |    18 |    14 ||    32
         Tentacles         |     9 |    10 ||    19
         Punch             |     1 |       ||     1
         Whip              |       |    52 ||    52
  Throw: Stone             |     2 |       ||     2
         Dart              |     6 |     1 ||     7
   Cast: Beastly Appendage |    21 |    25 ||    46
         Spider Form       |       |     4 ||     4
    Use: Scroll            |       |     4 ||     4
   Stab: Sleeping          |     2 |     5 ||     7
 Armour: Skin              |     8 |     2 ||    10
  Dodge: Dodged            |    57 |    47 ||   104

Table legend: (Time is in decaauts)
 A = Elapsed time spent in this place.
 B = Non-inter-level travel time spent in this place.
 C = Inter-level travel time spent in this place.
 D = Time resting spent in this place.
 E = Time spent auto-exploring this place.
 F = Levels seen in this place.
 G = Mean time per level.
                   A        B        C        D        E       F      G
               +--------+--------+--------+--------+--------+-----+--------+
         Total |   3587 |   3538 |     49 |    276 |   2473 |   4 |  896.8 |
       Dungeon |   3587 |   3538 |     49 |    276 |   2473 |   4 |  896.8 |
               +--------+--------+--------+--------+--------+-----+--------+

Top non-repeatable levels by time:
     D:2: 1425 daAuts
     D:3: 939 daAuts
     D:1: 910 daAuts
     D:4: 312 daAuts
